 Dungeon Crawl Stone Soup version 0.23-a0-32-g1388f29 (webtiles) character file.

77 Gorglomux the Conjurer (level 4, 0/33 HPs)
             Began as a Demonspawn Conjurer on Aug 4, 2018.
             Killed from afar by Sigmund (9 damage)
             ... with a magic dart
             ... on level 2 of the Dungeon.
             The game lasted 00:02:51 (1691 turns).

Gorglomux the Conjurer (Demonspawn Conjurer)        Turns: 1691, Time: 00:02:52

Health: 0/33       AC:  4    Str:  7 (10) XL:     4   Next: 13%
Magic:  7/7        EV: 12    Int: 15 (16) God:
Gold:   106        SH:  0    Dex: 11 (13) Spells: 4/7 levels left

rFire    . . .     SeeInvis .   o - +3 dagger (elec)
rCold    . . .     Gourm    .   (no shield)
rNeg     . . .     Faith    .   a - +0 robe
rPois    .         Spirit   .   (no helmet)
rElec    .         Reflect  .   (no cloak)
rCorr    .         Harm     .   (no gloves)
MR       .....                  (no boots)
Stlth    ++........             (no amulet)
HPRegen  0.11/turn              (no ring)
MPRegen  0.10/turn              (no ring)

@: flying
A: slimy green scales 1
a: no special abilities


You were on level 2 of the Dungeon.
You were not hungry.

You visited 1 branch of the dungeon, and saw 2 of its levels.

You collected 106 gold pieces.

Inventory:

Hand Weapons
 o - a +3 dagger of electrocution (weapon)
Missiles
 d - 9 bolts
Armour
 a - a +0 robe (worn)
Scrolls
 g - 2 scrolls of identify {unknown}
 h - a scroll of enchant weapon {unknown}
 l - 2 scrolls of teleportation {unknown}
 m - a scroll of remove curse {unknown}
 n - a scroll of blinking {unknown}
Potions
 f - a potion of degeneration
 q - a potion of ambrosia
Comestibles
 c - 2 rations
 p - 3 chunks of flesh


   Skills:
 + Level 2.0 Fighting
 + Level 1.7 Armour
 + Level 2.7 Dodging
 - Level 1.7 Stealth
 - Level 2.0 Spellcasting
 - Level 4.0 Conjurations


You had 4 spell levels left.
You knew the following spells:

 Your Spells              Type           Power        Failure   Level  Hunger
a - Magic Dart            Conj           ##..         4%          1    #......
b - Searing Ray           Conj           ##....       6%          2    ###....

Your spell library contained the following spells:

 Spells                   Type           Power        Failure   Level  Hunger
 Iskenderun's Mystic Bla  Conj           ##......     38%         4    #####..
 Fulminant Prism          Conj/Hex       #.........   67%         4    #####..
 Dazzling Spray           Conj/Hex       #.....       28%         3    ###....
 Force Lance              Conj/Tloc      #.......     67%         4    #####..


Dungeon Overview and Level Annotations

Branches:
Dungeon (2/15)

Altars:

Annotations:
D:2 Sigmund


Innate Abilities, Weirdness & Mutations

You are partially covered in slimy green scales. (AC +2)


Message History

* * * don't die
* * * It was a potion of degeneration!
There was something very wrong with that liquid!
You feel weakened!
Butt feel dopey!
You feel clumsy!
It was a potion of heal wounds!
You feel much better! Something hits you!!!
You feel much better! Something hits you but does no damage!
It was a potion of ambrosia!
You are confused!
You feel invigorated!
It was a potion of curing!
You feel better!
Butt feel less invigorated!
Something hits you!!!
It was a potion of flight!
You feel very buoyant!
Butt fly up into the air!
Something hits butt!
A puff of flame appears from out of thin air!!!
The puff of flame hits you!!! * * * don't die
* * * A magic dart appears from out of thin air!!!
The magic dart hits you!!! rip

##.....P.##..
...!♣
#P.♣PP♣...###
....
#P♣.♣♣♣P♣.##
...
##...♣P♣...# ..
###..÷P♣♣.# .#
##..♣♣♣.####.##
##P.P♣.......#
#.PP..{####.#
#.@P...# #
#...P..#
##....## ######


There were no monsters in sight!

Vanquished Creatures
  Jessica (D:2)
  3 dart slugs
  2 leopard geckos
  A giant cockroach (D:1)
  10 goblins
  3 hobgoblins
  4 jackals (D:1)
  A bat (D:1)
  3 frilled lizards
  6 kobolds
  8 rats
42 creatures vanquished.

Vanquished Creatures (others)
  A plant (D:2)
1 creature vanquished.

Grand Total: 43 creatures vanquished

Notes
Turn   | Place    | Note
-------+----------+-------------------------------------------
     0 | D:1      | Gorglomux the Demonspawn Conjurer began the quest for the Orb.
     0 | D:1      | Reached XP level 1. HP: 13/13 MP: 3/3
   309 | D:1      | Gained mutation: You are partially covered in slimy green scales. (AC +2) [demonic ancestry]
   309 | D:1      | Reached XP level 2. HP: 20/20 MP: 0/5
   359 | D:1      | Learned a level 2 spell: Searing Ray
   481 | D:1      | Reached skill level 1 in Fighting
   620 | D:1      | Reached skill level 1 in Armour
   763 | D:1      | Reached XP level 3. HP: 26/26 MP: 2/6
  1299 | D:2      | Noticed Sigmund
  1473 | D:2      | Noticed Jessica
  1486 | D:2      | Killed Jessica
  1486 | D:2      | Reached XP level 4. HP: 31/33 MP: 4/7
  1691 | D:2      | Killed from afar by Sigmund

Vault maps used:
D:1:      evilmike_arrival_run_for_it, amethyst_killhole
D:2:      serial_forest, infiniplex_forest_end_3,
          infiniplex_forest_clump_double, infiniplex_forest_clump_medium,
          infiniplex_forest_lined_3_way, infiniplex_forest_lined_room_3,
          infiniplex_forest_clump_curved, infiniplex_forest_end_3,
          infiniplex_forest_end_2, infiniplex_forest_clump_long,
          hangedman_feature_mirror, minmay_misc_feat_cross, uniq_jessica,
          uniq_sigmund, uniq_robin

Skill      XL: |  1  2  3  4 |
---------------+-------------+-----
Dodging        | 2 |  2.7
Fighting       | 1 2 |  2.0
Armour         | 1 |  1.7
Stealth        | |  1.7
Spellcasting   | |  2.0
Conjurations   | |  4.0

Action                   |  1- 3 |  4- 6 || total
-------------------------+-------+-------++-------
Melee: Unarmed           |     3 |       ||     3
       Dagger            |    42 |     6 ||    48
 Cast: Magic Dart        |    32 |     1 ||    33
       Searing Ray       |    10 |     2 ||    12
  Use: Potion            |       |     6 ||     6
 Stab: Sleeping          |     2 |       ||     2
  Eat: Chunk             |     2 |     2 ||     4
Armor: Robe              |    18 |     1 ||    19
Dodge: Dodged            |    38 |     3 ||    41

Table legend:
 A = Spawn XP
 B = Non-spawn XP
 C = Spawn XP percentage of total XP
 D = Spawn monster count
 E = Non-spawn monster count
 F = Spawn count percentage of total count
 G = Total turns spent on level
                    A         B        C        D         E        F      G
               +---------+---------+-------+---------+---------+-------+---------
         Total |       0 |     110 |   0.0 |       0 |      42 |   0.0 |  1691
               +---------+---------+-------+---------+---------+-------+---------
           D:1 |       0 |      53 |   0.0 |       0 |      30 |   0.0 |  1285
           D:2 |       0 |      57 |   0.0 |       0 |      12 |   0.0 |   406
               +---------+---------+-------+---------+---------+-------+---------
